 Dungeon Crawl Stone Soup version 0.20-a0-903-g7e3609c (webtiles) character file.

14171 Infinimo the Impaler (level 12, -9/97 HPs)
             Began as a Merfolk Gladiator on Mar 20, 2017.
             Was a High Priest of Okawaru.
             Mangled by an eight-headed hydra (12 damage)
             ... on level 1 of the Lair of Beasts.
             The game lasted 00:32:17 (14625 turns).

Infinimo the Impaler (Merfolk Gladiator)           Turns: 14625, Time: 00:32:17

Health: -9/97      AC: 14    Str: 15    XL:     12   Next: 13%
Magic:  10/12      EV: 25    Int: 17    God:    Okawaru [*****.]
Gold:   288        SH:  0    Dex: 19    Spells: 11/11 levels left

rFire    . . .     SeeInvis +   v - +0 trident
rCold    . . .     Gourm    .   s - +3 leather armour of the Demon Prince {Int+6}
rNeg     . . .     Faith    +   (no shield)
rPois    +         Spirit   .   c - +2 helmet
rElec    .         Reflect  .   b - +0 cloak
rCorr    .         Harm     .   x - +1 pair of gloves {Dex+3}
MR       .....                  n - +0 pair of boots
Stlth    +++.......             B - amulet of faith
Regen    0.3/turn               l - ring of see invisible
MPRegen  0.2/turn               e - ring of poison resistance

@: heroism
A: change form in water, swift swim, stealthy swim
a: Heroism, Finesse, Renounce Religion


You were on level 1 of the Lair of Beasts.
You worshipped Okawaru.
Okawaru was extremely pleased with you.
You were not hungry.

You visited 3 branches of the dungeon, and saw 13 of its levels.
You also visited: Sewer.

You collected 576 gold pieces.
You spent 288 gold pieces at shops.

Inventory:

Hand Weapons
 m - a +3 glaive of venom
 v - a +0 trident (weapon)
 D - the +2 triple crossbow "Widowermaker" {speed, rF++ Dex+2}
   (You found it on level 9 of the Dungeon)

   Attacks with this weapon are significantly faster.
   It affects your dexterity (+2).
   It greatly protects you from fire.
Missiles
 d - 6 throwing nets (quivered)
Armour
 b - a +0 cloak (worn)
 c - a +2 helmet (worn)
 n - a +0 pair of boots (worn)
 s - the +3 leather armour of the Demon Prince (worn) {Int+6}
   (You found it on level 4 of the Dungeon)

   It affects your intelligence (+6).
 x - a +1 pair of gloves of dexterity (worn)
Jewellery
 e - a ring of poison resistance (left hand)
 l - a ring of see invisible (right hand)
 w - an uncursed ring of positive energy
 B - an amulet of faith (around neck)
Wands
 k - a wand of iceblast (4/15)
 C - a wand of disintegration (11/24)
Scrolls
 h - 5 scrolls of remove curse
 t - 4 scrolls of identify
 y - a scroll of amnesia
 E - a scroll of silence {unknown}
 F - a scroll of recharging
Potions
 a - 4 potions of flight
 i - 4 potions of degeneration
 p - a potion of mutation
 q - a potion of curing
 u - a potion of magic
 z - a potion of ambrosia
 A - 3 potions of brilliance
Books
 j - Sif Muna's Grimoire of Ignition
   (You found it on level 9 of the Dungeon)

   Spells                             Type                      Level
   a - Flame Tongue                   Conjuration/Fire             1
 r - Sif Muna's Grimoire of Ghastly Ice
   (You found it on level 9 of the Dungeon)

   Spells                             Type                      Level
   a - Animate Skeleton               Necromancy                   1
   b - Vampiric Draining              Necromancy                   3
   c - Throw Icicle                   Conjuration/Ice              4
   d - Excruciating Wounds            Charms/Necromancy            5
   e - Death Channel                  Necromancy                   6
Comestibles
 f - 3 bread rations
 g - 5 royal jellies
 o - 3 meat rations
 G - 24 fruits


   Skills:
 - Level 10.2(15.2) Fighting
 + Level 19.6(24.6) Polearms
 - Level 2.0(7.0) Throwing
 - Level 11.2(16.2) Dodging


You had 11 spell levels left.
You didn't know any spells.

Dungeon Overview and Level Annotations

Branches:
Dungeon (10/15)            Temple (1/1) D:4            Lair (2/6) D:10
  Swamp: Lair:2-4    Shoals: Lair:2-4     Snake: Lair:2-4    Spider: Lair:2-4
    Orc: D:9-12

Altars:
Ashenzari
Cheibriados
Dithmenos
Elyvilon
Fedhas
Gozag
Hepliaklqana
Kikubaaqudgha
Makhleb
Nemelex Xobeh
Okawaru
Qazlal
Ru
Sif Muna
Trog
Uskayaw
Vehumet
Wu Jian
Xom
Yredelemnul
Zin
The Shining One

Shops:
D:4 (   D:9 [

Annotations:
Lair:2 Sonja; runewalsh's ghost, journeyman OpIE


Message History

The eight-headed hydra is moderately wounded.
The eight-headed hydra is moderately wounded.
The eight-headed hydra bites you!
The eight-headed hydra is heavily wounded.
The eight-headed hydra bites you. x3
* * * LOW HITPOINT WARNING * * *
You impale the eight-headed hydra!!
The eight-headed hydra is severely wounded.
You puncture the eight-headed hydra!
The eight-headed hydra is almost dead.
The eight-headed hydra bites you.
* * * LOW HITPOINT WARNING * * *
The eight-headed hydra bites you!
* * * LOW HITPOINT WARNING * * *
The eight-headed hydra bites you.
* * * LOW HITPOINT WARNING * * *
The eight-headed hydra bites you!
* * * LOW HITPOINT WARNING * * *
The eight-headed hydra bites you!
You die...

........#♣ #.#♣♣♣♣♣♣..........
....#....♣ ♣♣♣ ♣♣.........
........♣♣♣♣♣♣♣♣♣♣♣♣♣♣♣♣♣........
..#.#...♣ ♣...........♣ ♣........
....#...♣ ♣...........♣ ♣........
........♣♣ ..##'''##..♣♣♣D.......
#....#...♣ #⌠...⌠#..♣♣.........
....##..♣♣ #.D...#......#[##+..
.... #..♣ #..@..#...........#.
... #..♣ #.....#....÷......#. ..
#..# #######..♣♣.......#. #..♣
....♣♣♣........ #.. #..♣ ......♣
♣........ .... #..♣
♣♣♣♣♣♣♣♣♣####+##. .....#..#
♣♣......... ........♣# ♣♣♣
#♣♣♣♣..........
....#....###.+#####..............


You could see an eight-headed hydra.

Vanquished Creatures
  Erica (D:9)
  3 two-headed ogres
  The ghost of WhatIsLove the Cleaver, a novice HOGl of Beogh (D:9)
  An unseen horror (D:10)
  Pikel (D:6)
  A manticore (D:10)
  2 trolls (D:9)
  2 hornets
  2 hippogriffs
  Sigmund (D:2)
  A wyvern (D:7)
  Eustachio (D:4)
  21 yaks
  Menkaure (D:7)
  A steam dragon (D:10)
  A hungry ghost (D:8)
  Edmund (D:4)
  2 water moccasins
  A sky beast (D:8)
  A slave (D:6)
  A black bear (D:9)
  An ice beast (D:10)
  A necrophage (D:9)
  4 orc warriors
  3 ogres
  2 centaurs (D:7)
  A crocodile (Lair:1)
  2 big kobolds
  9 bullfrogs
  2 gnoll sergeants
  3 scorpions
  4 killer bees (D:7)
  A water moccasin skeleton (D:8)
  5 crimson imps
  3 bullfrog zombies
  Crazy Yiuf (D:2)
  2 hounds
  8 orc priests
  3 jellies
  A bullfrog skeleton (D:6)
  2 centaur skeletons
  18 orc wizards
  Jessica (D:2)
  Natasha (thrice) (D:2)
  An iguana (D:5)
  4 worker ants
  2 hound zombies
  Robin (D:4)
  A worker ant zombie (D:10)
  10 adders
  22 gnolls
  An ooze (D:1)
  An adder skeleton (D:5)
  An adder zombie (D:5)
  A worm (D:3)
  5 dart slugs
  A leopard gecko (D:1)
  55 orcs
  4 ball pythons
  6 bats
  8 giant cockroaches
  17 goblins
  12 hobgoblins
  11 jackals
  5 quokkas
  13 frilled lizards
  A goblin zombie (D:6)
  17 kobolds
  2 leopard gecko skeletons (D:6)
  3 quokka skeletons
  2 quokka zombies
  5 rats
339 creatures vanquished.

Vanquished Creatures (others)
  An ice beast (D:9)
  Blork the orc (D:6)
  An orc (D:8)
  A quokka (D:10)
4 creatures vanquished.

Grand Total: 343 creatures vanquished

Notes
Turn   | Place    | Note
-------+----------+-------------------------------------------
     0 | D:1      | Infinimo the Merfolk Gladiator began the quest for the Orb.
     0 | D:1      | Reached XP level 1. HP: 16/16 MP: 1/1
    88 | D:1      | Reached skill level 5 in Polearms
   118 | D:1      | Reached XP level 2. HP: 15/22 MP: 2/2
   520 | D:1      | Reached XP level 3. HP: 27/27 MP: 3/3
   522 | D:1      | Reached skill level 6 in Polearms
  1068 | D:2      | Noticed Jessica
  1201 | D:2      | Killed Jessica
  1201 | D:2      | Reached skill level 7 in Polearms
  1201 | D:2      | Reached XP level 4. HP: 30/33 MP: 4/4
  1217 | D:2      | Found a runed door.
  1246 | D:2      | Noticed Natasha
  1250 | D:2      | Killed Natasha
  1610 | D:2      | Reached skill level 8 in Polearms
  1631 | D:2      | Reached XP level 5. HP: 37/38 MP: 5/5
  1691 | D:2      | Noticed Natasha
  1710 | D:2      | Killed Natasha
  1748 | D:2      | Noticed Natasha
  1751 | D:2      | Killed Natasha
  1996 | D:2      | Noticed Sigmund
  2023 | D:2      | Killed Sigmund
  2023 | D:2      | Reached skill level 10 in Polearms
  2023 | D:2      | Reached XP level 6. HP: 32/44 MP: 6/6
  2338 | D:2      | Noticed Crazy Yiuf
  2346 | D:2      | Killed Crazy Yiuf
  2909 | D:3      | Reached XP level 7. HP: 17/50 MP: 7/7
  3316 | D:3      | Reached skill level 11 in Polearms
  3962 | D:4      | Noticed Edmund
  4006 | D:4      | Killed Edmund
  4006 | D:4      | Reached skill level 12 in Polearms
  4028 | D:4      | Found a staircase to the Ecumenical Temple.
  4039 | Temple   | Entered the Ecumenical Temple
  4208 | Temple   | Became a worshipper of Warmaster Okawaru
  4520 | D:4      | Found Mujono's Weapon Shop.
  4573 | D:4      | Got a twisted leather armour
  4584 | D:4      | Identified the +3 leather armour of the Demon Prince {Int+6} (You found it on level 4 of the Dungeon)
  4602 | D:4      | Noticed Robin
  4617 | D:5      | Entered Level 5 of the Dungeon
  4748 | D:4      | Killed Robin
  5016 | D:4      | Noticed Eustachio
  5047 | D:4      | Killed Eustachio
  5047 | D:4      | Reached skill level 13 in Polearms
  5047 | D:4      | Reached XP level 8. HP: 30/56 MP: 8/8
  5900 | D:5      | Reached skill level 14 in Polearms
  6135 | D:5      | Reached skill level 5 in Dodging
  6146 | D:5      | Reached * piety under Okawaru
  6706 | D:6      | Found a glowing drain.
  6715 | Sewer    | Entered a sewer
  7316 | D:6      | Reached XP level 9. HP: 49/61 MP: 9/9
  7406 | D:6      | Noticed Pikel
  7466 | D:6      | Killed Pikel
  7509 | D:6      | Killed Blork the orc
  7612 | D:6      | Reached skill level 15 in Polearms
  7774 | D:6      | Reached ** piety under Okawaru
  8187 | D:7      | Reached skill level 16 in Polearms
  8198 | D:7      | Noticed Menkaure
  8205 | D:7      | Killed Menkaure
  8525 | D:7      | Reached XP level 10. HP: 67/67 MP: 10/10
  8532 | D:7      | Reached skill level 10 in Dodging
  8923 | D:8      | Noticed a two-headed ogre
  9277 | D:7      | Paralysed by a hornet for 1 turns
  9291 | D:7      | Reached *** piety under Okawaru
  9524 | D:8      | Killed a two-headed ogre
  9838 | D:8      | Reached skill level 5 in Fighting
 10274 | D:8      | Received a gift from Okawaru
 10282 | D:8      | Identified a scroll of acquirement
 10330 | D:9      | Found a deep blue altar of Sif Muna.
 10348 | D:9      | Identified Sif Muna's Grimoire of Ignition
 10373 | D:9      | Found Eloruob's Antique Armour Boutique.
 10382 | D:9      | Bought a scorched ring mail for 288 gold pieces
 10392 | D:9      | Identified the +1 ring mail of Ypexeyp {rPois rC+} (You bought it in a shop on level 9 of the Dungeon)
 10646 | D:9      | Noticed WhatIsLove's ghost (novice HOGl)
 10680 | D:9      | Killed WhatIsLove's ghost
 10680 | D:9      | Reached **** piety under Okawaru
 10680 | D:9      | Received a gift from Okawaru
 10924 | D:9      | Noticed Erica
 10935 | D:9      | Killed Erica
 10935 | D:9      | Reached XP level 11. HP: 60/89 MP: 11/11
 11521 | D:9      | Identified Sif Muna's Grimoire of Ghastly Ice
 11524 | D:9      | Got a coiled amber ring
 11529 | D:9      | Got a transparent triple crossbow
 11533 | D:9      | Got a jet-encrusted leather armour
 11855 | D:9      | Identified the cursed +2 triple crossbow "Widowermaker" {speed, rF++ Dex+2} (You found it on level 9 of the Dungeon)
 11867 | D:9      | Identified the +0 leather armour of the Ego {rElec rN+} (You found it on level 9 of the Dungeon)
 11868 | D:9      | Identified the ring "Qiatutterar" {+Blink rN+ Str+2 Int+2 Dex-4} (You found it on level 9 of the Dungeon)
 11960 | D:10     | Entered Level 10 of the Dungeon
 12031 | D:9      | Reached skill level 10 in Fighting
 12350 | D:9      | Reached ***** piety under Okawaru
 12374 | D:10     | Noticed a two-headed ogre
 12619 | D:9      | Reached skill level 17 in Polearms
 12846 | D:10     | Killed a two-headed ogre
 12846 | D:10     | Received a gift from Okawaru
 13152 | D:10     | Found a white marble altar of Elyvilon.
 13171 | D:10     | Noticed an unseen horror
 13176 | D:10     | Killed an unseen horror
 13192 | D:10     | Reached skill level 18 in Polearms
 13274 | D:10     | Noticed a two-headed ogre
 13405 | D:10     | Killed a two-headed ogre
 13559 | D:10     | Found a staircase to the Lair.
 13631 | D:10     | Noticed a manticore
 13632 | D:10     | Killed a manticore
 13632 | D:10     | Reached skill level 19 in Polearms
 13632 | D:10     | Reached XP level 12. HP: 85/97 MP: 12/12
 13808 | Lair:1   | Entered Level 1 of the Lair of Beasts
 13900 | Lair:1   | Noticed a six-headed hydra
 13927 | Lair:2   | Noticed a four-headed hydra
 13927 | Lair:2   | Noticed runewalsh's ghost (journeyman OpIE)
 13928 | Lair:2   | HP: 4/97 [runewalsh's ghost/shard of ice (39)]
 13932 | Lair:2   | Noticed Sonja
 14625 | Lair:1   | HP: 3/97 [eight-headed hydra (7)]
 14625 | Lair:1   | Mangled by an eight-headed hydra

Vault maps used:
D:1:      lightli_arrival_farm, minmay_cupped
D:2:      first_bread, serial_park_tiny_1, uniq_natasha,
          uniq_crazy_yiuf_cottage, uniq_sigmund, uniq_jessica
D:4:      minmay_temple_entry_large_hall, serial_shops, shop,
          minmay_stone_trees_medium, serial_park_tiny_2,
          grunt_decor_mini_mirrors, uniq_robin, uniq_edmund, uniq_eustachio
D:6:      lightli_sewer_entry_pipes, enter_ossuary_4, kennysheep_boxes,
          uniq_blork_the_orc, uniq_pikel
D:7:      minivault_24, minivault_25, uniq_menkaure
D:9:      led_sif_book, serial_shops, nicolae_shop_stone,
          lemuel_flamethrower_hall, uniq_erica
D:10:     minmay_distorted_concentric_squares, lair_entry_dummy,
          blue_anna_alchemist, elyvilon_altar_4
Temple:   minmay_crystal_snake_temple
Lair:1:   st_stairs_10, small_statue_intersection, bh_autumn_forest_stairs,
          columned_hall_lemuel
Lair:2:   uniq_sonja
Sewer:    sewer_co_scattered_pipes

Skill      XL: |  1  2  3  4  5  6  7  8  9 10 11 |
---------------+----------------------------------+-----
Polearms       | 5 7 8 10 13 14 16 19 | 19.6
Dodging        | 7 9 11 | 11.2
Fighting       | 9 10 | 10.2
Throwing       | |  2.0

Action                   |  1- 3 |  4- 6 |  7- 9 | 10-12 || total
-------------------------+-------+-------+-------+-------++-------
Melee: Trident           |    78 |   183 |   562 |     8 ||   831
       Tailslap          |       |       |     3 |       ||     3
       Halberd           |       |       |   180 |   194 ||   374
       Glaive            |       |       |       |   351 ||   351
Throw: Throwing net      |       |       |       |     3 ||     3
Invok: Heroism           |       |       |       |     1 ||     1
Evoke: Wand              |       |       |     1 |       ||     1
  Use: Scroll            |     4 |     2 |     4 |    18 ||    28
       Potion            |       |     3 |     1 |     6 ||    10
 Stab: Distracted        |     1 |       |       |       ||     1
       Sleeping          |       |     1 |     5 |     3 ||     9
       Held in net/web   |       |       |       |     2 ||     2
  Eat: Chunk             |       |     6 |    18 |     9 ||    33
       Bread ration      |       |       |       |     3 ||     3
       Fruit             |       |       |       |     1 ||     1
Armor: Leather armour    |    14 |    15 |   104 |   131 ||   264
       Scale mail        |       |     7 |    40 |       ||    47
Dodge: Dodged            |    37 |    72 |   278 |   500 ||   887
